 Seeded DCSS version 0.29.1-13-g9f3cf754e1 (webtiles) character file.

Game seed: 16245865983455551772 (custom seed)

1 tkbsonic5 the Vexing (level 1, 0/15 HPs)
             Began as a Human Arcane Marksman on Jan 26, 2023.
             Slain by a quokka (4 damage)
             ... on level 1 of the Dungeon.
             The game lasted 00:00:36 (42 turns).

tkbsonic5 the Vexing (Human Arcane Marksman)          Turns: 42, Time: 00:00:37

Health: 0/15       AC:  2    Str: 10    XL:     1   Next: 22%
Magic:  0/2        EV: 12    Int: 13    God:
Gold:   0          SH:  0    Dex: 13    Spells: 1/2 levels left

rFire   . . .      SeeInvis .   a - +1 sling
rCold   . . .      Faith    .   (no shield)
rNeg    . . .      Spirit   .   c - +0 robe
rPois   .          Reflect  .   (no helmet)
rElec   .          Harm     .   (no cloak)
rCorr   .          Rampage  .   (no gloves)
Will    .....                   (no boots)
Stlth   +.........              (no amulet)
HPRegen 0.05/turn               (no ring)
MPRegen 0.08/turn               (no ring)

@: no status effects
A: no striking features
a: no special abilities


You were on level 1 of the Dungeon.
You visited 1 branch of the dungeon, and saw 1 of its levels.

Inventory:

Hand Weapons
 a - a +1 sling (weapon)
 d - a +0 sling
Armour
 c - a +0 robe (worn)
Scrolls
 b - a scroll of poison


   Skills:
 + Level 1.0 Fighting
 * Level 2.0 Ranged Weapons
 + Level 2.0 Dodging
 + Level 1.0 Spellcasting
 + Level 3.1 Hexes


You had one spell level left.
You knew the following spells:

 Your Spells              Type           Power      Damage    Failure   Level
a - Slow                  Hex            32%        N/A       8%          1

Your spell library contained the following spells:

 Spells                   Type           Power      Damage    Failure   Level
 Inner Flame              Hex/Fire       4%         N/A       41%         3
 Portal Projectile        Hex/Tloc       8%         N/A       41%         3
 Cause Fear               Hex            4%         N/A       61%         4


Dungeon Overview and Level Annotations

Branches:
Dungeon (1/15)

Altars:


Message History

The quokka closely misses you.
Fire: a) +1 sling
Press: ? - help, Q - select action, (/) - cycle Shift-Dir - straight line, f/p - quokka
Aim: a quokka (slow, 43% to hit)
You shoot a sling bullet.
The sling bullet closely misses the quokka.
The quokka bites you but does no damage.
Fire: a) +1 sling
Press: ? - help, Q - select action, (/) - cycle Shift-Dir - straight line, f/p - quokka
Aim: a quokka (slow, 43% to hit)
You shoot a sling bullet.
The sling bullet hits the quokka but does no damage.
The quokka barely misses you.
Fire: a) +1 sling
Press: ? - help, Q - select action, (/) - cycle Shift-Dir - straight line, f/p - quokka
Aim: a quokka (slow, 43% to hit)
You shoot a sling bullet.
The sling bullet closely misses the quokka.
The quokka bites you but does no damage.
Your magical contamination has completely faded away.
Fire: a) +1 sling
Press: ? - help, Q - select action, (/) - cycle Shift-Dir - straight line, f/p - quokka
Aim: a quokka (slow, 43% to hit)
You shoot a sling bullet. The sling bullet hits the quokka.
The quokka is moderately wounded.
The quokka closely misses you.
Fire: a) +1 sling
Press: ? - help, Q - select action, (/) - cycle Shift-Dir - straight line, f/p - quokka
Aim: a quokka (moderately wounded, slow, 43% to hit)
You shoot a sling bullet.
The sling bullet closely misses the quokka.
The quokka bites you.
* * * LOW HITPOINT WARNING * * *
Fire: a) +1 sling
Press: ? - help, Q - select action, (/) - cycle Shift-Dir - straight line, f/p - quokka
Aim: a quokka (moderately wounded, slow, 43% to hit)
You shoot a sling bullet.
The sling bullet closely misses the quokka.
The quokka bites you.
You die...

.. ...# # .#
.... #). ..
....# ##... #.##
....# #....
#..#.....#
#.....#..#....
.......r...#
#..#..##@#
.........####..
#####..........
##.#####... ###
##### ####..#
..# #...#
#....## ..#
#.>.# #....#
..###...###...)#
...............#


You could see a quokka (slow).

Vanquished Creatures
  A goblin (D:1)
1 creature vanquished.

Notes
Turn   | Place    | Note
-------+----------+-------------------------------------------
     0 | D:1      | tkbsonic5 the Human Arcane Marksman began the quest for the
                  | Orb.
     0 | D:1      | Reached XP level 1. HP: 15/15 MP: 2/2
    42 | D:1      | Slain by a quokka

Illustrated notes

Levels and vault maps discovered:
D:1:      minmay_arrival_hallway, layout_loops_corners, basic_ecumenical_altar,
          minmay_unequal

Action                   || total
-------------------------++-------
 Fire: Sling             ||    12
 Cast: Slow              ||     1
Armor: Robe              ||     2
Dodge: Dodged            ||     7
